 Dungeon Crawl Stone Soup version 0.30-a0-4-ga7cffc901d (webtiles) character file.

Game seed: 2894112111277347399

1206 ytrimaz the Nimble (level 8, -2/54 HPs)
             Began as a Demonspawn Transmuter on Aug 22, 2022.
             Slain by an orc warrior
             ... wielding a +0 long sword
              (7 damage)
             ... on level 6 of the Dungeon.
             The game lasted 00:08:12 (6020 turns).

ytrimaz the Nimble (Demonspawn Transmuter)          Turns: 6020, Time: 00:08:13

Health: -2/54      AC:  6    Str: 15    XL:     8   Next: 21%
Magic:  11/11      EV: 16    Int: 16    God:
Gold:   228        SH:  0    Dex: 15    Spells: 4/11 levels left

rFire   . . .      SeeInvis .      - Unarmed
rCold   + . .      Faith    .    (no shield)
rNeg    . . .      Spirit   .    a - +0 robe
rPois   .          Reflect  .    (helmet currently unavailable)
rElec   .          Harm     .    (no cloak)
rCorr   +          Rampage  .    (no gloves)
Will    .....                    (boots currently unavailable)
Stlth   +.........               (no amulet)
HPRegen 0.18/turn                e - ring "Kueklu" {rC+ Str+5}
MPRegen 0.12/turn                s - ring of wizardry

@: appendages (expiring)
A: horns 2, talons 2, yellow scales 3, spiny 1, demonic touch 1
a: End Transformation


You were on level 6 of the Dungeon.
You had temporarily grown beastly horns and talons.
You visited 1 branch of the dungeon, and saw 6 of its levels.

You collected 228 gold pieces.

Inventory:

Armour
 a - a +0 robe (worn)
 k - the +1 pair of gloves of the Good {Rampage rF+}
   (You found it on level 2 of the Dungeon)

   rF:        It protects you from fire.
   Rampage:   It bestows one free step when moving towards enemies.
Jewellery
 d - a ring of resist corrosion
 e - the ring "Kueklu" (left hand) {rC+ Str+5}
   (You found it on level 3 of the Dungeon)

   [ring of protection from cold]

   Str:       It affects your strength (+5).
   rC:        It protects you from cold.
 f - a ring of protection from cold
 h - a ring of ice
 s - a ring of wizardry (right hand)
 t - a ring of fire
Wands
 j - a wand of digging (6)
 r - a wand of light (16)
 u - a wand of flame (28)
Scrolls
 b - a scroll of enchant weapon
 g - a scroll of vulnerability
 i - a scroll of poison
 m - a scroll of butterflies
 p - 3 scrolls of teleportation
 q - 3 scrolls of identify
 v - a scroll of blinking
Potions
 c - 2 potions of mutation
 l - a potion of magic
 n - a potion of lignification
 o - a potion of ambrosia


   Skills:
 - Level 1.0 Fighting
 + Level 8.1 Dodging
 + Level 5.1 Unarmed Combat
 - Level 2.0 Spellcasting
 - Level 1.7 Transmutations


You had 4 spell levels left.
You knew the following spells:

 Your Spells              Type           Power      Damage    Failure   Level
a - Beastly Appendage     Tmut           14%        N/A       4%          1
b - Wereblood             Tmut           7%         N/A       6%          2
c - Ice Form              Ice/Tmut       4%         N/A       47%         4

Your spell library contained the following spells:

 Spells                   Type           Power      Damage    Failure   Level
 Sandblast                Erth           2%         2d4       9%          1
 Passwall                 Tmut/Erth      3%         N/A       9%          2
 Blink                    Tloc           2%         N/A       12%         2
 Spider Form              Tmut/Pois      4%         N/A       17%         3
 Confusing Touch          Hex            1%         N/A       24%         3
 Stone Arrow              Conj/Erth      2%         3d7       24%         3
 Blade Hands              Tmut           3%         N/A       69%         5
 Irradiate                Conj/Tmut      2%         3d12      82%         5
 Yara's Violent Unravell  Hex/Tmut       2%         3d3       82%         5
 Manifold Assault         Tloc           1%         N/A       89%         5
 Summon Forest            Summ/Tloc      0%         N/A       89%         5
 Summon Mana Viper        Hex/Summ       1%         N/A       89%         5
 Summon Cactus Giant      Summ           0%         N/A       100%        6
 Dragon Form              Tmut           3%         N/A       100%        7
 Enfeeble                 Hex            0%         N/A       100%        7
 Storm Form               Tmut/Air       2%         N/A       100%        7


Dungeon Overview and Level Annotations

Branches:
Dungeon (6/15)
 Temple: D:4-7

Altars:
Uskayaw

Shops:
D:4 =


Innate Abilities, Weirdness & Mutations

You have temporarily grown beastly horns and talons.
You are completely covered in yellow scales. (AC +4, rCorr)
You are partially covered in sharp spines.
Your touch may inflict minor irresistible damage on your foes.


Message History

You hit the orc warrior but do no damage.
You claw the orc warrior, but do no damage.
You headbutt the orc warrior.
The orc warrior is moderately wounded.
The orc is struck by your spines. The orc closely misses you. x2
The orc warrior hits you with a +0 long sword.
Unknown command.
You hit the orc warrior. Your kick misses the orc warrior.
Your touch misses the orc warrior.
The orc warrior is heavily wounded.
The orc barely misses you. The orc is struck by your spines.
The orc completely misses you.
The orc warrior hits you with a +0 long sword.
* * * LOW HITPOINT WARNING * * *
You barely miss the orc warrior. Your kick misses the orc warrior.
The orc warrior is heavily wounded.
The orc is struck by your spines.
You kill the orc!
The orc warrior misses you.
Unknown command.
Really quaff the potion of lignification?
Okay, then.
Okay, then.
Okay, then.
Unknown command.
Press: ? - help, v - describe, . - travel The floor, spattered with blood.
You barely miss the orc. You claw the orc.
You kill the orc!
The orc warrior is struck by your spines.
The orc warrior hits you with a +0 long sword!
* * * LOW HITPOINT WARNING * * *
Unknown command.
You barely miss the orc warrior.
You touch the orc warrior!
The orc warrior is almost dead.
The orc is struck by your spines.
You kill the orc!
The orc warrior is struck by your spines.
The orc warrior hits you with a +0 long sword!
You die...

.################
............$....
..................
#.....).........
#.#####..###...#.# .#
#..# #...#.# .# #)@#
#...#.# .#
#)o###...#.###.#+##
#..##..............
#....†.............
####...#.....#........
+......#.....#........
#####.†#......#...#+##
....#......#...#.##
#.....#......##......


You could see an orc warrior.

Vanquished Creatures
  Sigmund (D:2)
  Menkaure (D:5)
  An ice beast (D:5)
  A sky beast (D:5)
  An ogre (D:6)
  A phantom (D:5)
  2 bullfrogs (D:6)
  A scorpion (D:5)
  A gnoll bouda (D:5)
  A hound (D:5)
  Terence (D:2)
  An orc wizard (D:3)
  3 iguanas
  4 gnolls (D:5)
  8 adders
  A shadow imp (D:4)
  3 dart slugs
  19 orcs
  9 ball pythons
  3 bats
  6 endoplasms (D:1)
  4 giant cockroaches
  4 goblins
  5 hobgoblins
  4 jackals (D:1)
  7 kobolds
  3 quokkas
  2 frilled lizards (D:2)
  4 rats
102 creatures vanquished.

Vanquished Creatures (others)
  A plant (D:5)
1 creature vanquished.

Grand Total: 103 creatures vanquished

Notes
Turn   | Place    | Note
-------+----------+-------------------------------------------
     0 | D:1      | ytrimaz the Demonspawn Transmuter began the quest for the
                  | Orb.
     0 | D:1      | Reached XP level 1. HP: 15/15 MP: 3/3
    28 | D:1      | Reached skill level 2 in Dodging
   182 | D:1      | You fall into a shaft and drop 1 floor!
   224 | D:2      | Gained mutation: You are partially covered in yellow
                  | scales. (AC +2) [demonic ancestry]
   224 | D:2      | Reached XP level 2. HP: 19/21 MP: 1/5
   581 | D:2      | Reached skill level 3 in Dodging
   631 | D:2      | Identified the +1 pair of gloves of the Good {Rampage rF+}
   657 | D:2      | Reached XP level 3. HP: 16/26 MP: 4/6
  1484 | D:1      | Found a faded altar of an unknown god.
  1656 | D:2      | Reached XP level 4. HP: 31/32 MP: 7/7
  1683 | D:2      | Reached skill level 4 in Dodging
  1802 | D:2      | Noticed Terence
  1822 | D:2      | Killed Terence
  2447 | D:2      | Noticed Sigmund
  2499 | D:2      | Killed Sigmund
  2500 | D:2      | Reached skill level 5 in Dodging
  2500 | D:2      | Gained mutation: You are partially covered in sharp spines.
                  | [demonic ancestry]
  2500 | D:2      | Reached XP level 5. HP: 12/37 MP: 6/8
  2500 | D:2      | Gained mutation: Your touch may inflict minor irresistible
                  | damage on your foes. [demonic ancestry]
  2500 | D:2      | Reached XP level 6. HP: 14/43 MP: 6/9
  2856 | D:3      | Learned a level 2 spell: Wereblood
  2861 | D:3      | Learned a level 4 spell: Ice Form
  3036 | D:3      | Identified the ring "Kueklu" {rC+ Str+5}
  3280 | D:3      | Reached skill level 6 in Dodging
  3842 | D:4      | Found a hide-covered altar of Uskayaw.
  3874 | D:4      | Found Vist's Jewellery Boutique.
  4714 | D:5      | Entered Level 5 of the Dungeon
  5079 | D:5      | Noticed Menkaure
  5082 | D:5      | Noticed a sky beast
  5085 | D:5      | Killed Menkaure
  5086 | D:5      | Gained mutation: You are mostly covered in yellow scales.
                  | (AC +3) [demonic ancestry]
  5086 | D:5      | Reached XP level 7. HP: 27/48 MP: 8/10
  5090 | D:5      | Reached skill level 7 in Dodging
  5833 | D:5      | Identified a scroll of acquirement
  5834 | D:5      | Acquired a ring of wizardry
  5867 | D:6      | Gained mutation: You are completely covered in yellow
                  | scales. (AC +4, rCorr) [demonic ancestry]
  5867 | D:6      | Reached XP level 8. HP: 51/54 MP: 9/11
  5958 | D:6      | Reached skill level 8 in Dodging
  5958 | D:6      | Reached skill level 5 in Unarmed Combat
  6020 | D:6      | Slain by an orc warrior

Illustrated notes

Levels and vault maps discovered:
D:1:      minmay_arrival_shoal_huts, layout_rooms,
          shapermc_ecumenical_altar_mp_highgroup
D:2:      layout_basic, uniq_terence, uniq_sigmund
D:3:      layout_basic
D:4:      layout_basic, nicolae_uskayaw_dance_hall, serial_shops, shop,
          kennysheep_dice
D:5:      layout_loops_ring, tso_oasis_becter, hangedman_decor_slide_cut,
          uniq_menkaure
D:6:      layout_basic

Skill      XL: |  1  2  3  4  5  6  7  8 |
---------------+-------------------------+-----
Dodging        | 2 3 5 6 7 8 |  8.1
Unarmed Combat | 3 4 5 |  5.1
Fighting       | |  1.0
Spellcasting   | |  2.0
Transmutations | |  1.7

Action                   |  1- 3 |  4- 6 |  7- 9 || total
-------------------------+-------+-------+-------++-------
Melee: Unarmed           |   112 |   122 |    62 ||   296
       Kick              |    16 |    21 |    16 ||    53
       Headbutt          |     9 |    14 |    11 ||    34
       Punch             |     1 |     3 |     1 ||     5
       Touch             |       |    13 |    11 ||    24
 Cast: Beastly Appendage |    18 |    34 |    12 ||    64
  Use: Scroll            |     2 |     7 |     2 ||    11
       Potion            |     1 |     7 |     1 ||     9
 Stab: Sleeping          |     2 |       |     1 ||     3
Armor: Robe              |    32 |    28 |     7 ||    67
       Skin              |     2 |       |       ||     2
Dodge: Dodged            |   104 |   103 |    54 ||   261

Table legend: (Time is in decaauts)
 A = Elapsed time spent in this place.
 B = Non-inter-level travel time spent in this place.
 C = Inter-level travel time spent in this place.
 D = Time resting spent in this place.
 E = Time spent auto-exploring this place.
 F = Levels seen in this place.
 G = Mean time per level.
                   A        B        C        D        E       F      G
               +--------+--------+--------+--------+--------+-----+--------+
         Total |   5985 |   5797 |    188 |    388 |   4498 |   6 |  997.5 |
       Dungeon |   5985 |   5797 |    188 |    388 |   4498 |   6 |  997.5 |
               +--------+--------+--------+--------+--------+-----+--------+

Top non-repeatable levels by time:
     D:2: 1682 daAuts
     D:1: 1145 daAuts
     D:5: 1142 daAuts
     D:3: 971 daAuts
     D:4: 887 daAuts
     D:6: 156 daAuts
